 Dungeon Crawl Stone Soup version 0.29-a0-284-gf9362112df (webtiles) character file.

Game seed: 1571272510573884726

150 sammy202020 the Shield-Bearer (level 5, -2/53 HPs)
             Began as a Troll Fighter on Mar 20, 2022.
             Slain by a kobold
             ... wielding a +1 short sword of protection
              (3 damage)
             ... on level 3 of the Dungeon.
             The game lasted 00:04:16 (1542 turns).

sammy202020 the Shield-Bearer (Troll Fighter)       Turns: 1542, Time: 00:04:16

Health: -2/53      AC:  4    Str: 24    XL:     5   Next: 10%
Magic:  4/4        EV:  9    Int:  6    God:
Gold:   149        SH:  7    Dex:  9    Spells: 4/4 levels left

rFire   . . .      SeeInvis .     - Unarmed
rCold   . . .      Faith    .   b - +0 kite shield
rNeg    . . .      Spirit   .   a - +0 robe
rPois   .          Reflect  .   (helmet restricted)
rElec   .          Harm     .   (no cloak)
rCorr   .          Rampage  .   (gloves unavailable)
Will    +....                   (boots unavailable)
Stlth   +.........              (no amulet)
HPRegen 0.97/turn               h - ring of willpower
MPRegen 0.09/turn               (no ring)

@: mighty
A: large, unfitting armour, claws 3, regeneration 1, shaggy fur 1, tough skin 1
a: no special abilities


You were on level 3 of the Dungeon.
You visited 1 branch of the dungeon, and saw 3 of its levels.

You collected 149 gold pieces.

Inventory:

Armour
 a - a +0 robe (worn)
 b - a +0 kite shield (worn)
Jewellery
 h - a ring of willpower (left claw)
Scrolls
 d - a scroll of teleportation {unknown}
 f - a scroll of silence {unknown}
 j - a scroll of fog {unknown}
 l - a scroll of immolation {unknown}
 m - a scroll of summoning {unknown}
Potions
 e - a potion of resistance {unknown}
 g - 3 potions of curing {unknown}
 i - a potion of flight {unknown}
 k - a potion of degeneration {unknown}


   Skills:
 * Level 3.2 Fighting
 * Level 3.1 Dodging
 * Level 3.2 Shields
 * Level 3.1 Unarmed Combat


You had 4 spell levels left.
You didn't know any spells.
Your spell library contained the following spells:

 Spells                   Type           Power      Damage    Failure   Level
 Ignite Poison            Fire/Tmut/Pois 0%         N/A       98%         3
 Storm Form               Tmut/Air       0%         N/A       100%        7
 Disjunction              Tloc           0%         N/A       100%        8


Dungeon Overview and Level Annotations

Branches:
Dungeon (3/15)

Altars:


Innate Abilities, Weirdness & Mutations

You are too large for most types of armour.
You have claws for hands.
Your natural rate of healing is unusually fast.
You are covered in fur. (AC +1)
You have tough skin. (AC +1)


Message History

The kobold throws a stone.
The stone hits you but does no damage. The goblin hits you but does no damage.
You closely miss the goblin. The goblin closely misses you.
The kobold throws a stone.
The stone hits you.
* * * LOW HITPOINT WARNING * * *
The goblin hits you with a +0 club.
* * * LOW HITPOINT WARNING * * *
You are too injured to fight recklessly!
You are too injured to fight recklessly!
You barely miss the goblin. The goblin barely misses you.
The kobold throws a stone.
The stone hits you but does no damage. The goblin hits you with a +0 club.
* * * LOW HITPOINT WARNING * * *
Okay, then.
You barely miss the goblin. The goblin closely misses you.
The kobold throws a stone.
The stone completely misses you.
The stone hits the goblin.
The goblin hits you with a +0 club.
* * * LOW HITPOINT WARNING * * *
You barely miss the goblin. The goblin hits you with a +0 club.
* * * LOW HITPOINT WARNING * * *
The goblin barely misses you.
You closely miss the goblin. The goblin hits you with a +0 club.
* * * LOW HITPOINT WARNING * * *
You block the kobold's attack. The goblin barely misses you.
You closely miss the goblin. The goblin hits you but does no damage.
The kobold hits you with a +1 short sword of protection.
* * * LOW HITPOINT WARNING * * *
The goblin barely misses you. The goblin closely misses you.
The goblin hits you with a +0 club.
* * * LOW HITPOINT WARNING * * *
The kobold barely misses you.
You mangle the goblin!!
You kill the goblin!
The goblin hits you with a +0 club.
* * * LOW HITPOINT WARNING * * *
The kobold misses you.
You barely miss the kobold. The goblin hits you with a +0 club.
* * * LOW HITPOINT WARNING * * *
The kobold hits you with a +1 short sword of protection.
You die...

#....
###....######
............
#.........
........ .....
#)K# #@## #g.#
##?## #.#####..#
#........##
#.........#
#..........#
#.......#.....
.........#......


You could see a goblin and a kobold.

Vanquished Creatures
  An orc priest (D:3)
  An orc wizard (D:3)
  5 adders (D:2)
  6 orcs (D:3)
  2 bats (D:1)
  5 endoplasms
  5 goblins
  5 hobgoblins
  2 jackals (D:2)
  5 ball pythons
  2 frilled lizards
  5 rats
44 creatures vanquished.

Vanquished Creatures (others)
  13 plants (D:2)
13 creatures vanquished.

Grand Total: 57 creatures vanquished

Notes
Turn   | Place    | Note
-------+----------+-------------------------------------------
     0 | D:1      | sammy202020 the Troll Fighter began the quest for the Orb.
     0 | D:1      | Reached XP level 1. HP: 22/22 MP: 0/0
   294 | D:1      | Found a faded altar of an unknown god.
   327 | D:1      | Reached XP level 2. HP: 25/29 MP: 1/1
   794 | D:2      | Reached XP level 3. HP: 36/36 MP: 2/2
   844 | D:2      | Got the Volume of Changing and Translocation
  1295 | D:2      | Reached XP level 4. HP: 38/44 MP: 3/3
  1534 | D:3      | Reached XP level 5. HP: 14/53 MP: 4/4
  1542 | D:3      | HP: 1/53 [goblin/+0 club (3)]
  1542 | D:3      | Slain by a kobold

Illustrated notes

Levels and vault maps discovered:
D:1:      dpeg_arrival_line_fractal, layout_loops_ring,
          shapermc_ecumenical_altar_notcrosses
D:2:      layout_loops_ring, serial_bayou, serial_bayou_ford_a,
          serial_bayou_pond_a, serial_bayou_pond_e, serial_bayou_lagoon_b,
          grunt_ministairs_7
D:3:      layout_basic, nicolae_qazlal_general_emergency

Skill      XL: |  1  2  3  4 |
---------------+-------------+-----
Fighting       | 3 |  3.2
Shields        | 3 |  3.2
Dodging        | 3 |  3.1
Unarmed Combat | 3 |  3.1

Action                   |  1- 3 |  4- 6 || total
-------------------------+-------+-------++-------
Melee: Unarmed           |   103 |    39 ||   142
  Use: Potion            |       |     1 ||     1
 Stab: Sleeping          |     1 |       ||     1
Armor: Robe              |    28 |    13 ||    41
Dodge: Dodged            |    22 |    25 ||    47
Block: Kite shield       |    28 |    11 ||    39

Table legend: (Time is in decaauts)
 A = Elapsed time spent in this place.
 B = Non-inter-level travel time spent in this place.
 C = Inter-level travel time spent in this place.
 D = Time resting spent in this place.
 E = Time spent auto-exploring this place.
 F = Levels seen in this place.
 G = Mean time per level.
                   A        B        C        D        E       F      G
               +--------+--------+--------+--------+--------+-----+--------+
         Total |   1580 |   1580 |      0 |      0 |   1247 |   3 |  526.7 |
       Dungeon |   1580 |   1580 |      0 |      0 |   1247 |   3 |  526.7 |
               +--------+--------+--------+--------+--------+-----+--------+

Top non-repeatable levels by time:
     D:2: 857 daAuts
     D:1: 685 daAuts
     D:3: 37 daAuts
